 Dungeon Sprint DCSS version 0.29-a0-925-g0a7a3d12f8 (webtiles) character file.

Game seed: 11504462967369322803

4628 rocky1 the Nimble (level 10, 0/86 HPs)
             Began as a Gnoll Gladiator on July 28, 2022.
             Was a High Priest of Okawaru.
             Slain by a two-headed ogre
             ... wielding a +0 giant club
              (14 damage)
             ... in the Dungeon (Sprint VII: "The Pits").
             The game lasted 00:07:18 (1884 turns).

rocky1 the Nimble (Gnoll Gladiator)                 Turns: 1884, Time: 00:07:19

Health: 0/86       AC: 17    Str: 20    XL:     10   Next: 42%
Magic:  23/23      EV: 15    Int:  9    God:    Okawaru [*****.]
Gold:   0          SH:  0    Dex: 13    Spells: 27/27 levels left

rFire   . . .      SeeInvis .   t - +2 halberd (venom)
rCold   . . .      Faith    .   (shield currently unavailable)
rNeg    . . .      Spirit   .   s - +5 ring mail
rPois   .          Reflect  .   c - +0 helmet
rElec   .          Harm     .   (no cloak)
rCorr   .          Rampage  .   p - +0 pair of gloves
Will    .....      NoTele   +   (no boots)
Stlth   +++.......              (no amulet)
HPRegen 0.24/turn               n - +3 ring of protection
MPRegen 0.18/turn               o - +3 ring of strength

@: no status effects
A: fangs 1, strong nose, distributed training
a: Renounce Religion, Heroism, Finesse


You were in the Dungeon.
You worshipped Okawaru.
Okawaru was extremely pleased with you.
You visited 1 branch

Inventory:

Hand Weapons
 a - a +2 long sword of flaming
 b - a +2 scimitar of holy wrath
 t - a +2 halberd of venom (weapon)
 u - a +2 vorpal war axe
 v - a +2 vorpal morningstar
 w - a +0 sling of flaming
Missiles
 d - 3 throwing nets (quivered)
 e - a javelin
Armour
 c - a +0 helmet (worn)
 p - a +0 pair of gloves (worn)
 s - a +5 ring mail (worn)
Jewellery
 n - a +3 ring of protection (left hand)
 o - a +3 ring of strength (right hand)
Scrolls
 k - a scroll of blinking
 m - 5 scrolls of amnesia
Potions
 f - 8 potions of curing
 g - 2 potions of heal wounds
 h - 2 potions of haste
 i - 4 potions of magic
 j - 2 potions of berserk rage
 l - 2 potions of invisibility
 q - a potion of brilliance
 r - 2 potions of mutation


   Skills:
 + Level 10.4 Fighting
 + Level 9.3 Short Blades
 + Level 9.3 Long Blades
 + Level 9.3 Axes
 + Level 9.3 Maces & Flails
 + Level 11.3 Polearms
 + Level 9.3 Staves
 + Level 9.3 Ranged Weapons
 + Level 10.4 Throwing
 + Level 9.3 Armour
 + Level 11.3 Dodging
 + Level 9.3 Stealth
 + Level 9.3 Shields
 + Level 9.3 Unarmed Combat
 + Level 9.3 Spellcasting
 + Level 7.7 Conjurations
 + Level 7.7 Hexes
 + Level 7.7 Summonings
 + Level 7.7 Necromancy
 + Level 7.7 Translocations
 + Level 7.7 Transmutations
 + Level 7.7 Fire Magic
 + Level 7.7 Ice Magic
 + Level 7.7 Air Magic
 + Level 7.7 Earth Magic
 + Level 7.7 Poison Magic
 + Level 10.1 Invocations
 + Level 9.3 Evocations


You had 27 spell levels left.
You didn't know any spells.
Your spell library was empty.

Dungeon Overview and Level Annotations

Branches:
Dungeon (1/1)

Altars:
Ashenzari
Cheibriados
Dithmenos
Elyvilon
Fedhas
Gozag
Hepliaklqana
Kikubaaqudgha
Makhleb
Nemelex Xobeh
Okawaru
Qazlal
Ru
Sif Muna
Trog
Uskayaw
Vehumet
Wu Jian
Xom
Yredelemnul
Zin
The Shining One
Jiyva
Lugonu


Innate Abilities, Weirdness & Mutations

You have very sharp teeth.
Your uncanny sense of smell can sniff out nearby items.
Your experience applies equally to all skills.


Message History

The two-headed ogre hits you with a +0 giant club! x2
You barely miss the two-headed ogre.
The two-headed ogre is lightly wounded.
You closely miss the two-headed ogre.
You bite the two-headed ogre, but do no damage.
The two-headed ogre is lightly wounded.
The two-headed ogre hits you with a +0 giant club!!
* * * LOW HITPOINT WARNING * * *
The two-headed ogre hits you with a +0 giant club!
* * * LOW HITPOINT WARNING * * *
You feel much better.
The two-headed ogre hits you but does no damage.
The two-headed ogre completely misses you.
Unknown command.
You hit the two-headed ogre but do no damage.
The two-headed ogre looks even sicker.
The two-headed ogre is lightly wounded.
The two-headed ogre attacks as you move away!
The two-headed ogre hits you with a +0 giant club.
The two-headed ogre barely misses you.
There is an open door here.
Things that are here:
a +0 scythe; a +0 robe You are too injured to fight recklessly!
The two-headed ogre misses you. The two-headed ogre barely misses you.
The two-headed ogre attacks as you move away!
The two-headed ogre hits you with a +0 giant club!
* * * LOW HITPOINT WARNING * * *
The two-headed ogre hits you but does no damage.
There is an open door here.
You feel much better.
You closely miss the two-headed ogre.
The two-headed ogre is heavily wounded.
The two-headed ogre hits you with a +0 giant club!!
* * * LOW HITPOINT WARNING * * *
The two-headed ogre hits you but does no damage.
You impale the two-headed ogre!!
The two-headed ogre is severely wounded.
The two-headed ogre hits you with a +0 giant club!
You die...

.#.#####'#####''######
##.##.......##''#
.#)##.......##..##
.†.##.......##...##
#####...<...###...##+##.
)).##.......# ##........
)).##.......###).###+###
#####.......##..##.....##
#..###########..@O9.)...+
#(############..##.....## .#
#)#....#..[.###..###'###...#
#)#....#..[[# ##......÷...#
#.)....'..))###.(.##'##..##
#'#....#....##...##... ..#
'.#....#..).##..###...# ..+
################# ##### ##


You could see a two-headed ogre (very poisoned) and a molten gargoyle.

Vanquished Creatures
  A shadow wraith (D)
  A deep troll (D)
  An orc knight (D)
  A cyclops (D)
  2 cane toads (D)
  Sigmund (D)
  2 fire bats (D)
  6 yaks (D)
  A floating eye (D)
  A small abomination (D)
  An orc warrior (D)
  An ogre (D)
  A wolf (D)
  A phantom (D)
  A necrophage (D)
  2 scorpions (D)
  A killer bee (D)
  2 orc priests (D)
  Jessica (D)
  An orc wizard (D)
  A white imp (D)
  An ufetubus (D)
  An adder zombie (D)
  A worm (D)
  7 orcs (D)
  An endoplasm (D)
  3 giant cockroaches (D)
  4 jackals (D)
  A frilled lizard (D)
  A giant cockroach zombie (D)
  A rat (D)
51 creatures vanquished.

Notes
Turn   | Place    | Note
-------+----------+-------------------------------------------
     0 | D        | rocky1 the Gnoll Gladiator began the quest for the Orb.
     0 | D        | Reached XP level 1. HP: 20/20 MP: 1/1
    24 | D        | Reached skill level 1 in Invocations
    51 | D        | Found a bloodstained altar of Trog.
    51 | D        | Found a shimmering blue altar of Sif Muna.
    51 | D        | Found a viscous altar of Jiyva.
    51 | D        | Found a hazy altar of Hepliaklqana.
    51 | D        | Found an opulent altar of Gozag.
    52 | D        | Found a glowing golden altar of the Shining One.
    52 | D        | Found a glowing silver altar of Zin.
    52 | D        | Found a basalt altar of Yredelemnul.
    52 | D        | Found a shimmering altar of Xom.
    52 | D        | Found an ornate altar of the Wu Jian Council.
    52 | D        | Found a sacrificial altar of Ru.
    52 | D        | Found a stormy altar of Qazlal.
    52 | D        | Found an iron altar of Okawaru.
    52 | D        | Found a sparkling altar of Nemelex Xobeh.
    52 | D        | Found a burning altar of Makhleb.
    52 | D        | Found a blossoming altar of Fedhas.
    52 | D        | Found a white marble altar of Elyvilon.
    52 | D        | Found a shadowy altar of Dithmenos.
    52 | D        | Found a snail-covered altar of Cheibriados.
    54 | D        | Found a radiant altar of Vehumet.
    54 | D        | Found a corrupted altar of Lugonu.
    55 | D        | Found a hide-covered altar of Uskayaw.
    55 | D        | Found an ancient bone altar of Kikubaaqudgha.
    55 | D        | Found a broken altar of Ashenzari.
    60 | D        | Became a worshipper of Warmaster Okawaru
    78 | D        | Reached skill level 1 in Short Blades
    78 | D        | Reached skill level 1 in Long Blades
    78 | D        | Reached skill level 1 in Axes
    78 | D        | Reached skill level 1 in Maces & Flails
    78 | D        | Reached skill level 1 in Staves
    78 | D        | Reached skill level 1 in Ranged Weapons
    78 | D        | Reached skill level 1 in Armour
    78 | D        | Reached skill level 1 in Stealth
    78 | D        | Reached skill level 1 in Shields
    78 | D        | Reached skill level 1 in Unarmed Combat
    78 | D        | Reached skill level 1 in Spellcasting
    78 | D        | Reached skill level 1 in Evocations
    78 | D        | Reached XP level 2. HP: 26/26 MP: 3/3
    82 | D        | Reached skill level 1 in Conjurations
    82 | D        | Reached skill level 1 in Hexes
    82 | D        | Reached skill level 1 in Summonings
    82 | D        | Reached skill level 1 in Necromancy
    82 | D        | Reached skill level 1 in Translocations
    82 | D        | Reached skill level 1 in Transmutations
    82 | D        | Reached skill level 1 in Fire Magic
    82 | D        | Reached skill level 1 in Ice Magic
    82 | D        | Reached skill level 1 in Air Magic
    82 | D        | Reached skill level 1 in Earth Magic
    82 | D        | Reached skill level 1 in Poison Magic
   203 | D        | Noticed a scorpion
   206 | D        | Killed a scorpion
   207 | D        | Reached skill level 5 in Fighting
   207 | D        | Reached skill level 5 in Throwing
   207 | D        | Reached XP level 3. HP: 33/33 MP: 3/6
   207 | D        | Reached XP level 4. HP: 39/39 MP: 3/7
   271 | D        | Noticed a floating eye
   271 | D        | Noticed a scorpion
   271 | D        | Noticed Jessica
   285 | D        | Killed Jessica
   298 | D        | Killed a scorpion
   298 | D        | Reached * piety under Okawaru
   299 | D        | Reached XP level 5. HP: 43/46 MP: 8/10
   300 | D        | Paralysed by a floating eye for 3 turns
   306 | D        | Killed a floating eye
   307 | D        | Reached XP level 6. HP: 51/53 MP: 8/12
   388 | D        | Noticed a fire bat
   399 | D        | Reached skill level 5 in Invocations
   401 | D        | Noticed an orc warrior
   408 | D        | Killed a fire bat
   408 | D        | Reached ** piety under Okawaru
   409 | D        | Reached skill level 5 in Short Blades
   409 | D        | Reached skill level 5 in Long Blades
   409 | D        | Reached skill level 5 in Axes
   409 | D        | Reached skill level 5 in Maces & Flails
   409 | D        | Reached skill level 5 in Staves
   409 | D        | Reached skill level 5 in Ranged Weapons
   409 | D        | Reached skill level 5 in Armour
   409 | D        | Reached skill level 5 in Stealth
   409 | D        | Reached skill level 5 in Shields
   409 | D        | Reached skill level 5 in Unarmed Combat
   409 | D        | Reached skill level 5 in Spellcasting
   409 | D        | Reached skill level 5 in Evocations
   409 | D        | Reached XP level 7. HP: 39/60 MP: 10/14
   410 | D        | Noticed a fire bat
   444 | D        | Killed a fire bat
   445 | D        | Reached skill level 5 in Conjurations
   445 | D        | Reached skill level 5 in Hexes
   445 | D        | Reached skill level 5 in Summonings
   445 | D        | Reached skill level 5 in Necromancy
   445 | D        | Reached skill level 5 in Translocations
   445 | D        | Reached skill level 5 in Transmutations
   445 | D        | Reached skill level 5 in Fire Magic
   445 | D        | Reached skill level 5 in Ice Magic
   445 | D        | Reached skill level 5 in Air Magic
   445 | D        | Reached skill level 5 in Earth Magic
   445 | D        | Reached skill level 5 in Poison Magic
   652 | D        | Reached *** piety under Okawaru
   683 | D        | Reached XP level 8. HP: 55/68 MP: 17/17
   775 | D        | Noticed a deep troll
   775 | D        | Noticed an orc knight
   792 | D        | Killed a deep troll
   792 | D        | Received a gift from Okawaru
   802 | D        | Killed an orc knight
   802 | D        | Reached **** piety under Okawaru
   803 | D        | Reached skill level 10 in Polearms
   803 | D        | Reached skill level 10 in Dodging
   803 | D        | Reached XP level 9. HP: 76/76 MP: 16/20
   974 | D        | Noticed a cyclops
  1006 | D        | Killed a cyclops
  1006 | D        | Reached ***** piety under Okawaru
  1066 | D        | Noticed a cane toad
  1066 | D        | Noticed Sigmund
  1072 | D        | Killed a cane toad
  1075 | D        | Killed Sigmund
  1177 | D        | Noticed a cane toad
  1186 | D        | Killed a cane toad
  1186 | D        | Received a gift from Okawaru
  1463 | D        | Killed a shadow wraith
  1464 | D        | Reached skill level 10 in Fighting
  1464 | D        | Reached skill level 10 in Throwing
  1464 | D        | Reached XP level 10. HP: 34/85 MP: 22/22
  1468 | D        | Received a gift from Okawaru
  1487 | D        | Reached skill level 10 in Invocations
  1867 | D        | Noticed a molten gargoyle
  1867 | D        | Noticed a two-headed ogre
  1884 | D        | Slain by a two-headed ogre

Illustrated notes

Levels and vault maps discovered:
D:        pitsprint [storerooms_1, entrance_room_1, metal_vault_5, armoury_1,
          mini_pit_1, grid_room_1, main_hall_1, silver_pit, the_coven_3,
          the_vestibule_1, steel_vault_3, golden_pit, hallway_of_sentries,
          crystal_vault_1, iron_vault_4, final_vault]

Skill      XL: |  1  2  3  4  5  6  7  8  9 10 |
---------------+-------------------------------+-----
Invocations    | 1 2 4 5 6 8 9 10 | 10.1
Short Blades   | 1 2 3 4 5 6 7 8 9 |  9.3
Long Blades    | 1 2 3 4 5 6 7 8 9 |  9.3
Axes           | 1 2 3 4 5 6 7 8 9 |  9.3
Maces & Flails | 1 2 3 4 5 6 7 8 9 |  9.3
Staves         | 1 2 3 4 5 6 7 8 9 |  9.3
Ranged Weapons | 1 2 3 4 5 6 7 8 9 |  9.3
Armour         | 1 2 3 4 5 6 7 8 9 |  9.3
Stealth        | 1 2 3 4 5 6 7 8 9 |  9.3
Shields        | 1 2 3 4 5 6 7 8 9 |  9.3
Unarmed Combat | 1 2 3 4 5 6 7 8 9 |  9.3
Spellcasting   | 1 2 3 4 5 6 7 8 9 |  9.3
Evocations     | 1 2 3 4 5 6 7 8 9 |  9.3
Conjurations   | 2 3 4 5 6 7 |  7.7
Hexes          | 2 3 4 5 6 7 |  7.7
Summonings     | 2 3 4 5 6 7 |  7.7
Necromancy     | 2 3 4 5 6 7 |  7.7
Translocations | 2 3 4 5 6 7 |  7.7
Transmutations | 2 3 4 5 6 7 |  7.7
Fire Magic     | 2 3 4 5 6 7 |  7.7
Ice Magic      | 2 3 4 5 6 7 |  7.7
Air Magic      | 2 3 4 5 6 7 |  7.7
Earth Magic    | 2 3 4 5 6 7 |  7.7
Poison Magic   | 2 3 4 5 6 7 |  7.7
Fighting       | 5 6 7 9 10 | 10.4
Polearms       | 7 8 9 10 11 | 11.3
Throwing       | 5 6 7 9 10 | 10.4
Dodging        | 7 8 9 10 11 | 11.3

Action                   |  1- 3 |  4- 6 |  7- 9 | 10-12 || total
-------------------------+-------+-------+-------+-------++-------
Melee: Trident           |    19 |    25 |    85 |       ||   129
       Bite              |       |     1 |    16 |     4 ||    21
       Punch             |       |       |     6 |       ||     6
       Halberd           |       |       |    44 |    44 ||    88
Invok: Heroism           |       |     1 |     2 |       ||     3
  Use: Potion            |     1 |       |     3 |     4 ||     8
 Stab: Sleeping          |     1 |       |     4 |       ||     5
Armor: Leather armour    |     6 |       |       |       ||     6
       Scale mail        |       |     3 |    16 |       ||    19
       Ring mail         |       |       |    11 |    13 ||    24
Dodge: Dodged            |    14 |    13 |    54 |    16 ||    97

Table legend: (Time is in decaauts)
 A = Elapsed time spent in this place.
 B = Non-inter-level travel time spent in this place.
 C = Inter-level travel time spent in this place.
 D = Time resting spent in this place.
 E = Time spent auto-exploring this place.
 F = Levels seen in this place.
 G = Mean time per level.
                   A        B        C        D        E       F      G
               +--------+--------+--------+--------+--------+-----+--------+
         Total |   1876 |   1815 |     61 |   1187 |      0 |   1 | 1876.0 |
       Dungeon |   1876 |   1815 |     61 |   1187 |      0 |   1 | 1876.0 |
               +--------+--------+--------+--------+--------+-----+--------+

Top non-repeatable levels by time:
       D: 1876 daAuts
